 Dungeon Crawl Stone Soup version 0.27.1-33-g824d729ab1 (webtiles) character file.

Game seed: 1802333094408612912

1696 zeram the Nimble (level 8, -6/39 HPs)
             Began as a Spriggan Fighter on Dec 21, 2021.
             Was a Follower of Dithmenos.
             Mangled by Pikel (15 damage)
             ... on level 6 of the Dungeon.
             The game lasted 00:17:05 (10512 turns).

zeram the Nimble (Spriggan Fighter)                Turns: 10512, Time: 00:17:05

Health: -6/39      AC:  4    Str: 12    XL:     8   Next: 72%
Magic:  0/9        EV: 23    Int: 12    God:    Dithmenos [*.....]
Gold:   253        SH:  7    Dex: 17    Spells: 4/7 levels left

rFire    . . .     SeeInvis +   u - +8 falchion of Propriety {venom, Dex+3}
rCold    + . .     Faith    .   c - +0 buckler
rNeg     . . .     Spirit   +   d - +2 robe {rC+}
rPois    .         Reflect  .   (helmet restricted)
rElec    .         Harm     .   (no cloak)
rCorr    .         Rampage  .   (gloves unavailable)
Will     +....                  (boots unavailable)
Stlth    ++........             p - amulet of guardian spirit
HPRegen  0.13/turn              (no ring)
MPRegen  0.11/turn              (no ring)

@: hasted, wreathed by umbra, very quick
A: very small, no large weapons, unfitting armour, see invisible, speed 3
a: Renounce Religion


You were on level 6 of the Dungeon.
You worshipped Dithmenos.
Dithmenos was aware of your devotion.
You visited 2 branches of the dungeon, and saw 8 of its levels.

You collected 253 gold pieces.

Inventory:

Hand Weapons
 a - a +0 rapier
 f - a +0 dagger
 m - a +1 whip of flaming
 n - a +2 short sword of venom
 u - the +8 falchion of Propriety (weapon) {venom, Dex+3}
   (You found it on level 6 of the Dungeon)

   It poisons the flesh of those it strikes.
   Dex:       It affects your dexterity (+3).
Missiles
 h - 73 sling bullets
Armour
 b - a +0 robe
 c - a +0 buckler (worn)
 d - a +2 robe of cold resistance (worn)
Jewellery
 p - an amulet of guardian spirit (around neck)
 t - a +6 ring of dexterity
Wands
 v - a wand of digging (5)
Scrolls
 k - 2 scrolls of magic mapping
 o - a scroll of amnesia
Potions
 e - a potion of attraction
 g - 2 potions of brilliance
 i - 3 potions of curing
 j - a potion of haste
 r - a potion of flight


   Skills:
 - Level 2.4 Fighting
 - Level 3.4 Short Blades
 + Level 10.1 Dodging
 + Level 5.4 Shields
 * Level 4.0 Summonings


You had 4 spell levels left.
You knew the following spells:

 Your Spells              Type           Power      Damage    Failure   Level
a - Call Canine Familiar  Summ           9%         N/A       22%         3

Your spell library contained the following spells:

 Spells                   Type           Power      Damage    Failure   Level
 Summon Small Mammal      Summ           36%        N/A       7%          1
 Summon Guardian Golem    Hex/Summ       4%         N/A       43%         3
 Conjure Flame            Conj/Fire      0%         6-21      73%         3
 Ignite Poison            Fire/Tmut/Pois 0%         N/A       73%         3
 Sticky Flame             Conj/Fire      0%         2d3       98%         4
 Summon Forest            Summ/Tloc      2%         N/A       99%         5
 Summon Mana Viper        Hex/Summ       4%         N/A       99%         5
 Shadow Creatures         Summ           N/A        N/A       100%        6
 Borgnjor's Revivificati  Necr           0%         N/A       100%        8
 Necromutation            Tmut/Necr      0%         N/A       100%        8
 Death's Door             Necr           0%         N/A       100%        9


Dungeon Overview and Level Annotations

Branches:
Dungeon (7/15)             Temple (1/1) D:4

Altars:
Ashenzari
Cheibriados
Dithmenos
Elyvilon
Fedhas
Gozag
Hepliaklqana
Kikubaaqudgha
Makhleb
Okawaru
Qazlal
Ru
Sif Muna
Uskayaw
Wu Jian
Xom
Yredelemnul
Zin
The Shining One

Annotations:
D:6 Pikel


Innate Abilities, Weirdness & Mutations

You are very small and have problems with some larger weapons.
You are too small for most types of armour.
You have supernaturally acute eyesight. (SInv)
You cover ground extremely quickly. (Speed+++)


Message History

You are too injured to fight recklessly!
Unknown command.
Okay, then.
You feel much better. The lemure completely misses you.
You riposte.
You hit the lemure.
The lemure is poisoned.
The lemure is lightly wounded.
Pikel hits you with a +1 whip of electrocution.
Okay, then.
You feel yourself speed up. You block the lemure's attack.
Pikel closely misses you.
You hit Pikel.
Pikel is poisoned.
Pikel is lightly wounded.
The lemure hits you! Pikel misses you.
You hit Pikel but do no damage.
Pikel is lightly wounded.
You block the lemure's attack.
Unknown command.
You barely miss Pikel.
Pikel is lightly wounded.
Pikel misses you.
You hit Pikel.
Pikel looks as sick as possible!
Pikel is moderately wounded.
The lemure hits you. You block Pikel's attack.
You closely miss Pikel.
Pikel is moderately wounded.
The lemure hits you! Pikel completely misses you.
You riposte.
You slash Pikel!
Pikel looks as sick as possible!
Pikel is heavily wounded.
You closely miss Pikel.
Pikel is heavily wounded.
The lemure completely misses you. Pikel barely misses you.
You riposte.
You closely miss Pikel.
Pikel is severely wounded.
You hit Pikel but do no damage.
Pikel looks as sick as possible!
Pikel is severely wounded.
You block the lemure's attack.
Pikel hits you with a +1 whip of electrocution.
* * * LOW HITPOINT WARNING * * *
You are electrocuted!
You die...

##################
#..†..............
#.###########....#
#.# #...# #.##.#
#K###...#####.##.#
#@5...........#..#
#####...###.###.##
#...# #.....##
#######...# ##..####
#.........####..#...
#.#####...'.........
#.# ###..#.....#.#.
#.# #_#..#...).#.#.
#.# ##.##.#.....#.#.


You could see Pikel (extremely poisoned) and a lemure (poisoned).

Vanquished Creatures
  Sigmund (D:3)
  2 sky beasts
  2 black bears
  2 centaurs
  An ogre (D:6)
  2 lemures (D:6)
  A kobold brigand (D:4)
  3 scorpions (D:5)
  5 hounds
  A jelly (D:4)
  An orc priest (D:7)
  4 iguanas
  2 gnoll shamans (D:5)
  An orc wizard (D:5)
  A hound skeleton (D:4)
  4 adders
  16 gnolls
  An ufetubus (D:5)
  A worm (D:2)
  A dart slug (D:4)
  10 orcs
  5 ball pythons
  9 endoplasms
  2 giant cockroaches
  11 goblins
  7 hobgoblins
  8 jackals
  2 quokkas
  4 bats
  3 frilled lizards
  5 kobolds
  5 rats
123 creatures vanquished.

Notes
Turn   | Place    | Note
-------+----------+-------------------------------------------
     0 | D:1      | zeram the Spriggan Fighter began the quest for the Orb.
     0 | D:1      | Reached XP level 1. HP: 11/11 MP: 2/2
   306 | D:1      | Reached XP level 2. HP: 12/16 MP: 3/3
  1159 | D:1      | Found a faded altar of an unknown god.
  2906 | D:1      | Learned a level 1 spell: Summon Small Mammal
  3269 | D:1      | Reached XP level 3. HP: 18/19 MP: 4/4
  3621 | D:2      | Reached skill level 5 in Dodging
  3621 | D:2      | Reached XP level 4. HP: 7/23 MP: 5/5
  4348 | D:2      | Learned a level 3 spell: Call Canine Familiar
  5414 | D:3      | Found a white marble altar of Elyvilon.
  5424 | D:3      | Noticed Sigmund
  5432 | D:3      | Killed Sigmund
  5433 | D:3      | Reached skill level 6 in Dodging
  5433 | D:3      | Reached skill level 1 in Summonings
  5433 | D:3      | Reached XP level 5. HP: 18/27 MP: 6/6
  5868 | D:3      | You fall into a shaft and drop 1 floor!
  5878 | D:4      | Found a staircase to the Ecumenical Temple.
  5890 | Temple   | Entered the Ecumenical Temple
  5948 | Temple   | Became a worshipper of Dithmenos the Shadowed
  6368 | D:3      | Found an ornate altar of the Wu Jian Council.
  6446 | D:4      | Reached XP level 6. HP: 32/32 MP: 7/7
  7657 | D:5      | Entered Level 5 of the Dungeon
  7680 | D:5      | Reached skill level 7 in Dodging
  7728 | D:5      | Noticed a sky beast
  7745 | D:5      | Killed a sky beast
  7746 | D:5      | Reached XP level 7. HP: 35/35 MP: 8/8
  8533 | D:5      | Reached * piety under Dithmenos
  8940 | D:4      | Reached skill level 8 in Dodging
  9552 | D:5      | Reached XP level 8. HP: 34/39 MP: 7/9
  9711 | D:5      | Reached skill level 9 in Dodging
 10056 | D:6      | Reached skill level 5 in Shields
 10078 | D:6      | Identified the +8 falchion of Propriety {venom, Dex+3}
 10251 | D:6      | Found a faded altar of an unknown god.
 10251 | D:6      | Found a shimmering altar of Xom.
 10259 | D:6      | Found a basalt altar of Yredelemnul.
 10261 | D:6      | Found an iron altar of Okawaru.
 10263 | D:6      | Found a stormy altar of Qazlal.
 10449 | D:6      | Reached skill level 10 in Dodging
 10475 | D:7      | Noticed Pikel
 10512 | D:6      | Mangled by Pikel

Illustrated notes

Levels and vault maps discovered:
D:1:      roderic_crossed_star, layout_basic,
          chequers_ecumenical_altar_simple_redux
D:2:      layout_loops_ring, dk_vineyard_3
D:3:      layout_loops_corners, mainiacjoe_overflow_big_doors,
          minmay_statues_item, chequers_serial_rivers_micro_b, uniq_sigmund
D:4:      layout_gridville, minmay_temple_entry_ruins
D:5:      layout_loops_ring, chequers_mini_garden, minmay_increasing_density
D:6:      layout_basic, chequers_temple_overflow_minitemple
D:7:      lemuel_slime, layout_rooms, mainiacjoe_overflow_surrounded_room,
          mainiacjoe_overflow_divided_tiny, uniq_pikel
Temple:   cyrus_circular_temple

Skill      XL: |  1  2  3  4  5  6  7  8 |
---------------+-------------------------+-----
Short Blades   | 3 |  3.4
Dodging        | 5 6 7 8 10 | 10.1
Shields        | 3 4 5 |  5.4
Summonings     | 1 2 3 4 |  4.0
Fighting       | |  2.4

Action                   |  1- 3 |  4- 6 |  7- 9 || total
-------------------------+-------+-------+-------++-------
Melee: Rapier            |    11 |    17 |       ||    28
       Dagger            |   197 |    62 |       ||   259
       Whip              |       |    43 |       ||    43
       Short sword       |       |    96 |   200 ||   296
       Falchion          |       |       |    33 ||    33
 Cast: Summon Small Mamm |       |     1 |       ||     1
  Use: Scroll            |     3 |     8 |     3 ||    14
       Potion            |     2 |     1 |     2 ||     5
 Stab: Sleeping          |       |     1 |     3 ||     4
Armor: Robe              |    10 |    20 |     9 ||    39
Dodge: Dodged            |   135 |   135 |   195 ||   465
Block: Buckler           |    37 |    64 |    80 ||   181
       Rpst.: Falchion   |       |       |     8 ||     8
